[Event "Titled Tuesday Blitz November 2 2021"]
[White "Pridorozhni, Aleksei"]
[Black "Nazari, Arad"]
[WhiteFideId "4127870"]
[BlackFideId "12577324"]
[WhiteElo "2565"]
[BlackElo "2119"]
[Result "1-0"]
[Round "02"]
[TimeControl "180+1"]
[Date "2021.11.02"]
[WhiteClock "0:01:29"]
[BlackClock "0:00:49"]

1. e4 c5 2. Nc3 Nc6 3. Bb5 Nd4 4. Nf3 Nxb5 5. Nxb5 g6 6. d4 Bg7 7. dxc5 Qa5+ 8. Nc3 Nf6 9. O-O O-O 10. Be3 Ng4 11. Bd4 e5 12. b4 Qxb4 13. Nd5 Qc4 14. Bb2 Qxe4 15. Re1 Qc4 16. h3 Nf6 17. Nc7 Rb8 18. Bxe5 Nh5 19. Qd6 b6 20. Bxg7 Nxg7 21. Nd5 Bb7 22. Nf6+ Kh8 23. Ne5 Nf5 24. Qxb8 Rxb8 25. Nxc4 bxc5 26. Rab1 d5 27. Na5 Nd6 28. Nxb7 Rxb7 29. Rxb7 Nxb7 30. Re7 Nd6 31. Rd7 Kg7 32. Rxd6 1-0


[Site "https://www.chess.com"]

[Event "Titled Tuesday Blitz November 2 2021"]
[White "Rasulov, Vugar"]
[Black "Kalogeris, Ioannis"]
[WhiteFideId "13402390"]
[BlackFideId "4239563"]
[WhiteElo "2560"]
[BlackElo "2287"]
[Result "1-0"]
[Round "02"]
[TimeControl "180+1"]
[Date "2021.11.02"]
[WhiteClock "0:01:14"]
[BlackClock "0:00:04"]

1. d4 Nf6 2. c4 e6 3. Nf3 b6 4. g3 Bb7 5. Bg2 g6 6. O-O Bg7 7. Nc3 Ne4 8. Nxe4 Bxe4 9. Bg5 Qc8 10. Qd2 h6 11. Bf4 Qb7 12. Rad1 d6 13. Rfe1 Nd7 14. d5 e5 15. Be3 f5 16. Nh4 Bxg2 17. Nxg6 Rg8 18. Kxg2 f4 19. Bxf4 Bf6 20. Qc2 exf4 21. Nxf4 O-O-O 22. b4 Be5 23. Ne6 Rde8 24. e4 Nf6 25. c5 dxc5 26. bxc5 h5 27. cxb6 axb6 28. f4 Rxe6 29. dxe6 Bxf4 30. e7 h4 31. Rd8+ Rxd8 32. exd8=Q+ Kxd8 33. gxf4 Kc8 34. Kf3 Kb8 35. Rd1 Qc8 36. f5 Qg8 37. Qg2 Qc4 38. Qe2 Qc3+ 39. Rd3 Qe5 40. a4 h3 41. a5 bxa5 42. Rb3+ Ka7 43. Rb5 Qc3+ 44. Qe3+ Qxe3+ 45. Kxe3 Ng4+ 46. Kf4 Nxh2 47. Rxa5+ Kb6 48. Ra3 Nf3 49. Rxf3 h2 50. Rh3 1-0


[Site "https://www.chess.com"]

[Event "Titled Tuesday Blitz November 2 2021"]
[White "Savchenko, Boris"]
[Black "Toropov, Pavel"]
[WhiteFideId "4147332"]
[BlackFideId "24129178"]
[WhiteElo "2526"]
[BlackElo "2368"]
[Result "0-1"]
[Round "02"]
[TimeControl "180+1"]
[Date "2021.11.02"]
[WhiteClock "0:02:04"]
[BlackClock "0:01:44"]

1. e4 e6 2. d4 d5 3. Nc3 dxe4 4. Nxe4 Nd7 5. Bd3 Ngf6 6. c3 Be7 7. Nf3 O-O 8. Qe2 b6 9. Ng3 Bb7 10. O-O c5 11. Rd1 Qc8 12. Ne5 cxd4 13. cxd4 Nxe5 14. dxe5 Qc6 15. Qf1 Nd5 16. Bb5 Qc7 17. Qe2 a6 18. Bd3 Nb4 0-1


[Site "https://www.chess.com"]

[Event "Titled Tuesday Blitz November 2 2021"]
[White "Shankland, Sam"]
[Black "Vlassov, Nikolai"]
[WhiteFideId "2004887"]
[BlackFideId "4103360"]
[WhiteElo "2660"]
[BlackElo "2407"]
[Result "0-1"]
[Round "02"]
[TimeControl "180+1"]
[Date "2021.11.02"]
[WhiteClock "0:00:28"]
[BlackClock "0:00:37"]

1. d4 Nf6 2. c4 Nc6 3. Nf3 e6 4. a3 d5 5. Nc3 dxc4 6. e4 Na5 7. Bxc4 Nxc4 8. Qa4+ Bd7 9. Qxc4 Be7 10. O-O O-O 11. Bg5 h6 12. Bh4 Bc6 13. Rfe1 Nd7 14. Bxe7 Qxe7 15. Rad1 Nb6 16. Qc5 Qxc5 17. dxc5 Na4 18. Nxa4 Bxa4 19. Rd4 Bb5 20. Red1 f6 21. h4 e5 22. R4d2 Bc6 23. Re1 Rfd8 24. g3 Kf7 25. Re3 Ke6 26. Kf1 Rxd2 27. Nxd2 Rd8 28. Ke1 g5 29. hxg5 hxg5 30. b4 Rh8 31. Nb3 Rh1+ 32. Ke2 Rb1 33. Na5 Bb5+ 34. Kf3 b6 35. cxb6 cxb6 36. Nb3 Ba4 37. Nd2 Rb2 38. Nf1 Bd1+ 39. Kg2 g4 40. Nh2 f5 41. exf5+ Kxf5 42. Rd3 Bc2 43. Rd7 Be4+ 44. Kg1 Rb1+ 45. Nf1 Bc6 46. Rf7+ Ke6 47. Rxa7 Bb5 48. Rb7 Bxf1 49. Rxb6+ Kf5 50. Kh2 Be2 0-1


[Site "https://www.chess.com"]

[Event "Titled Tuesday Blitz November 2 2021"]
[White "Siva Mahadevan"]
[Black "Le Goff, Ronan"]
[WhiteFideId "25043153"]
[BlackFideId "612073"]
[WhiteElo "2203"]
[BlackElo "2276"]
[Result "1-0"]
[Round "02"]
[TimeControl "180+1"]
[Date "2021.11.02"]
[WhiteClock "0:02:08"]
[BlackClock "0:00:01"]

1. e4 e5 2. Nf3 Nc6 3. Bb5 Nf6 4. O-O Nxe4 5. Re1 Nd6 6. Nxe5 Be7 7. Bf1 Nxe5 8. Rxe5 O-O 9. d4 Bf6 10. Bd3 Re8 11. Bf4 Re7 12. Nc3 Bxe5 13. dxe5 Ne8 14. Nd5 Re6 15. Qh5 g6 16. Qh6 d6 17. Bg5 f6 18. Nxf6+ Nxf6 19. exf6 Qf8 20. Bc4 Qf7 21. Bxe6 Bxe6 22. Re1 Re8 23. h4 Bd7 24. Re7 Rxe7 25. fxe7 Be8 26. b3 a5 27. h5 b5 28. hxg6 hxg6 29. f4 c5 30. Qh4 d5 31. Bf6 Qh7 32. Qg5 Qh5 33. Qxh5 gxh5 34. Be5 Kf7 35. Bd6 c4 36. Kf2 cxb3 37. cxb3 a4 38. Ke3 axb3 39. axb3 Ke6 40. Bc5 Bg6 41. Kd4 Be8 42. b4 Bd7 43. f5+ 1-0


[Site "https://www.chess.com"]

[Event "Titled Tuesday Blitz November 2 2021"]
[White "Skatchkov, Valery"]
[Black "Muradli, Mahammad"]
[WhiteFideId "24195812"]
[BlackFideId "13409301"]
[WhiteElo "2195"]
[BlackElo "2474"]
[Result "1-0"]
[Round "02"]
[TimeControl "180+1"]
[Date "2021.11.02"]
[WhiteClock "0:00:17"]
[BlackClock "0:00:02"]

1. d4 Nf6 2. c4 c5 3. d5 b5 4. Nf3 d6 5. cxb5 a6 6. e3 g6 7. Nc3 Bg7 8. a4 axb5 9. Bxb5+ Nbd7 10. O-O O-O 11. h3 Ne8 12. Bc6 Rb8 13. a5 Nc7 14. e4 Ba6 15. Re1 Rb4 16. Bf4 Rxb2 17. e5 Rb4 18. Bg3 Nb8 19. Na2 Rc4 20. Rb1 Nxc6 21. exd6 exd6 22. dxc6 Nb5 23. Qb3 d5 24. c7 Qc8 25. Red1 Nxc7 26. Qb6 Ne6 27. Rxd5 Ra4 28. Rd2 Bc4 29. Nc1 Nd4 30. Nxd4 cxd4 31. Nd3 Bxd3 32. Rxd3 Qf5 33. Rbd1 Rxa5 34. Rxd4 Bxd4 35. Qxd4 h5 36. Kh2 Re8 37. Rc1 Rd5 38. Qb2 Kh7 39. Qb7 Rd7 40. Qc6 Rd2 41. Qxe8 g5 42. Rc8 Qf6 43. Qg8+ Kh6 44. h4 gxh4 45. Qh8+ Qxh8 46. Rxh8+ Kg7 47. Be5+ f6 48. Bc3 Rxf2 49. Rc8 Rf4 50. Kh3 Kg6 51. Bd2 Rg4 52. Be1 Kg5 53. Rc5+ f5 54. Rc8 Kf4 55. Bxh4 Ke4 56. Re8+ Kf4 57. Be1 Rg6 58. Bd2# 1-0


[Site "https://www.chess.com"]

[Event "Titled Tuesday Blitz November 2 2021"]
[White "Sorokin, Aleksey"]
[Black "Grieve, Harry"]
[WhiteFideId "24176460"]
[BlackFideId "426520"]
[WhiteElo "2476"]
[BlackElo "2208"]
[Result "1-0"]
[Round "02"]
[TimeControl "180+1"]
[Date "2021.11.02"]
[WhiteClock "0:01:18"]
[BlackClock "0:00:02"]

1. e4 c5 2. Nf3 e6 3. d4 cxd4 4. Nxd4 Nc6 5. Nc3 Qc7 6. Be3 a6 7. Bd3 Nf6 8. O-O b5 9. Re1 Bb7 10. a3 Bd6 11. h3 O-O 12. Kh1 Rac8 13. Bxb5 Nxd4 14. Bxd4 axb5 15. Nxb5 Qc6 16. Na7 Qc4 17. Nxc8 Bc7 18. Bxf6 gxf6 19. Nd6 Qc6 20. Nxb7 Qxb7 21. b4 Rd8 22. c4 Be5 23. Rb1 Kf8 24. Qd3 Ke7 25. Red1 Rg8 26. c5 f5 27. Re1 f4 28. f3 Qa8 29. Rbd1 Qe8 30. Re2 f6 31. Red2 d5 32. cxd6+ Kd7 33. Qb5+ 1-0


[Site "https://www.chess.com"]

[Event "Titled Tuesday Blitz November 2 2021"]
[White "Swicarz, Maciej"]
[Black "Zhalmakhanov, Ramazan"]
[WhiteFideId "1113585"]
[BlackFideId "13706357"]
[WhiteElo "2130"]
[BlackElo "2531"]
[Result "0-1"]
[Round "02"]
[TimeControl "180+1"]
[Date "2021.11.02"]
[WhiteClock "0:00:52"]
[BlackClock "0:00:23"]

1. c4 g6 2. Nc3 Bg7 3. e4 c5 4. Nf3 Nc6 5. g3 d6 6. Bg2 Bg4 7. h3 Bxf3 8. Bxf3 e6 9. Bg2 Nge7 10. O-O O-O 11. d3 a6 12. Rb1 Rb8 13. Bd2 b5 14. b3 Nd4 15. Ne2 Nec6 16. Kh2 Nb4 17. Nxd4 Bxd4 18. Bxb4 cxb4 19. f4 a5 20. Qe2 a4 21. e5 Qc7 22. exd6 Qxd6 23. Rbc1 Rfd8 24. cxb5 axb3 25. axb3 Rxb5 26. Rc6 Qd7 27. Rc4 Rb6 28. Rfc1 Bc3 29. Bf1 Ra6 30. Rc2 Ra1 31. h4 h5 32. Re4 Qd5 33. Rc4 Re1 34. Qf2 Rb1 0-1


[Site "https://www.chess.com"]

[Event "Titled Tuesday Blitz November 2 2021"]
[White "Terry, Renato"]
[Black "Ovchinnikov, Vsevolod"]
[WhiteFideId "3803457"]
[BlackFideId "24176842"]
[WhiteElo "2577"]
[BlackElo "2376"]
[Result "1-0"]
[Round "02"]
[TimeControl "180+1"]
[Date "2021.11.02"]
[WhiteClock "0:00:37"]
[BlackClock "0:00:11"]

1. e4 g6 2. d4 Bg7 3. Nf3 d6 4. Bc4 Nf6 5. Qe2 O-O 6. O-O Bg4 7. Nbd2 Nc6 8. c3 e5 9. d5 Ne7 10. h3 Bd7 11. Kh2 Nh5 12. g3 Qe8 13. Re1 f5 14. exf5 gxf5 15. Ng5 h6 16. Ne6 Bxe6 17. dxe6 d5 18. Bb3 e4 19. Nf1 f4 20. c4 c6 21. g4 f3 22. Qd1 Qc8 23. gxh5 Qxe6 24. Ng3 Be5 25. cxd5 cxd5 26. Be3 Rad8 27. Qd2 Kh7 28. Rad1 Nf5 29. Bxd5 Nxg3 30. fxg3 Bxg3+ 31. Kxg3 Qe5+ 32. Bf4 Rg8+ 33. Kh2 Rg2+ 34. Qxg2 Qxf4+ 35. Qg3 Qxg3+ 36. Kxg3 1-0


[Site "https://www.chess.com"]

[Event "Titled Tuesday Blitz November 2 2021"]
[White "Timofeev, Artyom"]
[Black "Manukyan, Artyom"]
[WhiteFideId "4140419"]
[BlackFideId "13305786"]
[WhiteElo "2591"]
[BlackElo "2034"]
[Result "1-0"]
[Round "02"]
[TimeControl "180+1"]
[Date "2021.11.02"]
[WhiteClock "0:00:27"]
[BlackClock "0:00:14"]

1. c4 e6 2. Nf3 d5 3. b3 Nf6 4. Bb2 Be7 5. cxd5 exd5 6. e3 O-O 7. Be2 c5 8. O-O b6 9. d4 Bb7 10. Nc3 Ne4 11. Rc1 Bf6 12. dxc5 bxc5 13. Na4 Bxb2 14. Nxb2 Nd7 15. Na4 a6 16. Nc3 Nxc3 17. Rxc3 Rc8 18. Qc1 Qf6 19. Rd1 Rfd8 20. h3 h6 21. a3 Qe7 22. Bf1 Nf6 23. Qb2 Ne4 24. Rcc1 Rd6 25. b4 Rb6 26. Qe5 Qxe5 27. Nxe5 cxb4 28. Rxc8+ Bxc8 29. axb4 Be6 30. Nd3 Kf8 31. f3 Nd6 32. Kf2 Nc4 33. Ra1 g5 34. g4 f6 35. f4 Kf7 36. Bg2 Nd6 37. Rc1 Ne4+ 38. Bxe4 dxe4 39. Rc7+ Ke8 40. Nc5 Bd5 41. Rh7 Rxb4 42. Nxa6 Rb2+ 43. Kg3 Re2 44. Nc7+ Kf8 45. Nxd5 Kg8 46. Nxf6+ Kf8 47. Nd5 Kg8 48. Rxh6 Kg7 49. fxg5 Rd2 1-0


[Site "https://www.chess.com"]

[Event "Titled Tuesday Blitz November 2 2021"]
[White "Weetik, Vjacheslav"]
[Black "Visakh N R"]
[WhiteFideId "4153472"]
[BlackFideId "25012223"]
[WhiteElo "2469"]
[BlackElo "2454"]
[Result "0-1"]
[Round "02"]
[TimeControl "180+1"]
[Date "2021.11.02"]
[WhiteClock "0:00:03"]
[BlackClock "0:00:36"]

1. Nf3 Nf6 2. g3 b6 3. Bg2 Bb7 4. O-O c5 5. c4 Nc6 6. Nc3 Rc8 7. b3 g6 8. d4 Nxd4 9. Nxd4 Bxg2 10. Kxg2 cxd4 11. Qxd4 Bg7 12. Qd3 d5 13. cxd5 O-O 14. Bd2 e6 15. e4 exd5 16. exd5 Qd7 17. Rfd1 Rfe8 18. Rac1 Ng4 19. h3 Ne5 20. Qb5 Qf5 21. Bf4 a6 22. Qxa6 Nd7 23. Na4 Rxc1 24. Bxc1 Qe4+ 25. Kg1 Ne5 26. Qf1 Nf3+ 27. Kh1 Bd4 28. d6 Ne1+ 29. Kh2 Nf3+ 30. Kh1 Nd2+ 31. Qg2 Qc2 32. Rg1 Ne4 33. f4 Qc6 34. Rf1 Nxg3+ 35. Kh2 Nxf1+ 36. Qxf1 Qxd6 37. Qf3 Qc7 38. Bd2 Qc2 0-1


[Site "https://www.chess.com"]

[Event "Titled Tuesday Blitz November 2 2021"]
[White "Yeletsky, Ivan"]
[Black "Ezat, Mohamed"]
[WhiteFideId "24180327"]
[BlackFideId "10600906"]
[WhiteElo "2352"]
[BlackElo "2424"]
[Result "1-0"]
[Round "02"]
[TimeControl "180+1"]
[Date "2021.11.02"]
[WhiteClock "0:01:16"]
[BlackClock "0:00:19"]

1. e4 c6 2. g3 d5 3. Nc3 e5 4. d3 Nf6 5. Bg2 h6 6. Qe2 Bb4 7. Bd2 O-O 8. Nf3 Qa5 9. a3 Bg4 10. O-O Bxc3 11. Bxc3 Qa6 12. exd5 Re8 13. dxc6 Nxc6 14. h3 Bh5 15. g4 Bg6 16. Nxe5 Nxe5 17. Bxe5 Qb5 18. f4 Nd7 19. a4 Qxb2 20. Bxb2 Rxe2 21. Rf2 Rxf2 22. Kxf2 Rb8 23. f5 Bh7 24. Bd4 a6 25. a5 Kf8 26. Rb1 f6 27. Rxb7 1-0


[Site "https://www.chess.com"]

[Event "Titled Tuesday Blitz November 2 2021"]
[White "Zhigalko, Sergei"]
[Black "Kim, Sergey"]
[WhiteFideId "13502956"]
[BlackFideId "13700570"]
[WhiteElo "2662"]
[BlackElo "2579"]
[Result "1-0"]
[Round "02"]
[TimeControl "180+1"]
[Date "2021.11.02"]
[WhiteClock "0:02:05"]
[BlackClock "0:02:20"]

1. e4 e5 2. Nf3 Nc6 3. Bc4 Bc5 4. b4 Bxb4 5. c3 Ba5 6. d4 d6 7. Qb3 Qd7 8. O-O Bb6 9. Nbd2 Na5 10. Qc2 Nxc4 11. Nxc4 exd4 12. cxd4 Ne7 13. a4 c6 14. e5 Bc7 15. Ba3 d5 16. Nd6+ Bxd6 17. exd6 Ng6 18. Rfe1+ Kf8 19. Ne5 Nxe5 20. Rxe5 Kg8 21. Rae1 1-0


[Site "https://www.chess.com"]

[Event "Titled Tuesday Blitz November 2 2021"]
[White "Andreikin, Dmitry"]
[Black "Yanchenko, Roman"]
[WhiteFideId "4158814"]
[BlackFideId "4137329"]
[WhiteElo "2736"]
[BlackElo "2514"]
[Result "1-0"]
[Round "03"]
[TimeControl "180+1"]
[Date "2021.11.02"]
[WhiteClock "0:01:15"]
[BlackClock "0:00:27"]

1. d4 d5 2. c4 c6 3. cxd5 cxd5 4. Nc3 Nf6 5. Nf3 Nc6 6. Bf4 e6 7. e3 Bd6 8. Bg3 O-O 9. Bd3 h6 10. Rc1 a6 11. Ne5 Bb8 12. f4 Nd7 13. Qh5 Ndxe5 14. fxe5 f5 15. exf6 Bxg3+ 16. hxg3 Qxf6 17. Rf1 Qg5 18. Qxg5 Rxf1+ 19. Bxf1 hxg5 20. Na4 Bd7 21. Nc5 Bc8 22. Nxa6 Nxd4 23. Nc7 Rxa2 24. exd4 Rxb2 25. Nxd5 Bd7 26. Rc7 Rb1+ 27. Kf2 Rb2+ 28. Kg1 Ba4 29. Ne7+ Kf7 30. Nc6+ Kf8 31. Ne5 Rb1 32. Kf2 Rb2+ 33. Kf3 Bd1+ 34. Ke3 Bh5 35. g4 Be8 36. Bc4 Rxg2 37. Bxe6 Rb2 38. d5 Rb3+ 39. Ke4 g6 40. d6 Rb4+ 41. Ke3 1-0


[Site "https://www.chess.com"]

[Event "Titled Tuesday Blitz November 2 2021"]
[White "Araujo Sanchez, Josue"]
[Black "Timofeev, Artyom"]
[WhiteFideId "6416896"]
[BlackFideId "4140419"]
[WhiteElo "2181"]
[BlackElo "2591"]
[Result "0-1"]
[Round "03"]
[TimeControl "180+1"]
[Date "2021.11.02"]
[WhiteClock "0:01:43"]
[BlackClock "0:02:14"]

1. e4 d6 2. d4 Nf6 3. Nc3 g6 4. Bg5 Bg7 5. f4 O-O 6. Nf3 c5 7. d5 Bg4 8. Be2 b5 9. e5 b4 10. Nb1 dxe5 11. fxe5 Nxd5 12. O-O Nc6 13. h3 Be6 0-1


[Site "https://www.chess.com"]

[Event "Titled Tuesday Blitz November 2 2021"]
[White "Barrionuevo, Pablo"]
[Black "Wagner, Dennis"]
[WhiteFideId "110566"]
[BlackFideId "24650684"]
[WhiteElo "2250"]
[BlackElo "2355"]
[Result "0-1"]
[Round "03"]
[TimeControl "180+1"]
[Date "2021.11.02"]
[WhiteClock "0:01:02"]
[BlackClock "0:01:27"]

1. c4 c5 2. g3 g6 3. Bg2 Bg7 4. Nc3 Nc6 5. e3 d6 6. Nge2 h5 7. h3 e5 8. a3 a5 9. O-O Nge7 10. d4 exd4 11. exd4 cxd4 12. Nb5 Nf5 13. Nf4 O-O 14. Nd5 Be6 15. Ndc7 Rc8 16. Nd5 Ne5 17. b3 a4 18. bxa4 Nxc4 19. h4 Qa5 20. Nf4 d3 21. Ra2 Nce3 22. fxe3 Bxa2 23. Qxd3 Bc4 0-1


[Site "https://www.chess.com"]

[Event "Titled Tuesday Blitz November 2 2021"]
[White "De Silva, L M S T"]
[Black "Terry, Renato"]
[WhiteFideId "9953698"]
[BlackFideId "3803457"]
[WhiteElo "1621"]
[BlackElo "2577"]
[Result "0-1"]
[Round "03"]
[TimeControl "180+1"]
[Date "2021.11.02"]
[WhiteClock "0:00:19"]
[BlackClock "0:00:36"]

1. Nf3 Nf6 2. b3 d5 3. Bb2 c6 4. e3 Bg4 5. c4 e6 6. Be2 Nbd7 7. O-O Bd6 8. d4 O-O 9. Nc3 a6 10. h3 Bh5 11. Nd2 Bg6 12. f4 h6 13. c5 Bc7 14. b4 Ne4 15. Ndxe4 dxe4 16. Bc4 Nf6 17. Qe2 Nd5 18. Bxd5 exd5 19. a4 Qh4 20. Qf2 Qh5 21. a5 Bh7 22. Ne2 f5 23. Ng3 Qf7 24. Ne2 g5 25. Kh1 Qh5 26. Ng3 Qg6 27. Ne2 Rf7 28. Rg1 Raf8 29. Raf1 Rf6 30. Bc1 Kf7 31. Bd2 Ke8 32. g3 Qh5 33. Qh2 Bg8 34. h4 Qg4 35. Rf2 Bf7 36. Rgg2 Rg8 37. Kg1 Bh5 38. Kf1 Rfg6 39. Nc3 Bd8 40. hxg5 hxg5 41. Qg1 Qh3 42. Qh2 Qg4 43. Qg1 gxf4 44. gxf4 Qh3 45. Qh2 Qxh2 0-1


[Site "https://www.chess.com"]

[Event "Titled Tuesday Blitz November 2 2021"]
[White "Erdogdu, Mert"]
[Black "Dzhaparov, Medet"]
[WhiteFideId "6301495"]
[BlackFideId "13803689"]
[WhiteElo "2485"]
[BlackElo "1702"]
[Result "1-0"]
[Round "03"]
[TimeControl "180+1"]
[Date "2021.11.02"]
[WhiteClock "0:00:10"]
[BlackClock "0:00:03"]

1. e4 e5 2. Nf3 Nc6 3. Bc4 Bc5 4. d3 Nf6 5. O-O d6 6. c3 O-O 7. a4 a6 8. Bg5 h6 9. Bh4 g5 10. Bg3 Ba7 11. Nbd2 Ne7 12. Re1 Ng6 13. d4 Qe7 14. Nf1 c6 15. Qc2 Nh5 16. Rad1 g4 17. N3d2 Kh7 18. Ne3 Qg5 19. dxe5 dxe5 20. Nf5 Nxg3 21. hxg3 h5 22. Nf1 h4 23. gxh4 Nxh4 24. N1g3 Nxf5 25. exf5 f6 26. Be6 Kg7 27. Bxc8 Raxc8 28. Rd7+ Rf7 29. Ne4 Qf4 30. Rxf7+ Kxf7 31. g3 Qf3 32. Nd6+ Kg7 33. Nxc8 Qxg3+ 34. Kf1 Qh3+ 35. Ke2 Qf3+ 36. Kd2 Bxf2 37. Re2 g3 38. Qe4 Qh5 39. Kc2 Qg5 40. Nd6 g2 41. Rxf2 g1=Q 42. Rd2 Q1g4 43. Qd3 Q4f4 44. Rd1 Qf2+ 45. Kb3 Qb6+ 46. Ka2 Qc5 47. Ne4 Qd5+ 48. Qxd5 cxd5 49. Nxg5 1-0


[Site "https://www.chess.com"]

[Event "Titled Tuesday Blitz November 2 2021"]
[White "Gaehwiler, Gabriel"]
[Black "Johnson, Donald"]
[WhiteFideId "1314530"]
[BlackFideId "30949122"]
[WhiteElo "2320"]
[BlackElo "1724"]
[Result "1-0"]
[Round "03"]
[TimeControl "180+1"]
[Date "2021.11.02"]
[WhiteClock "0:00:33"]
[BlackClock "0:00:17"]

1. d4 Nf6 2. c4 g6 3. g3 c6 4. Bg2 d5 5. cxd5 cxd5 6. Nf3 Bg7 7. O-O O-O 8. Nc3 Ne4 9. Bf4 Nxc3 10. bxc3 Nc6 11. h4 Qa5 12. Bd2 Qa6 13. h5 Bg4 14. hxg6 hxg6 15. Qc1 Qxe2 16. Re1 Qa6 17. Bh6 Rac8 18. Bxg7 Kxg7 19. Qf4 Bxf3 20. Bxf3 e6 21. Kg2 Qa3 22. Re3 Qb2 23. Rh1 Rh8 24. Rxh8 Rxh8 25. Bd1 Qxa2 26. Qc7 Qa1 27. Rf3 Rf8 28. Bc2 Qb2 29. Bd3 a5 30. Qf4 f5 31. Qd6 a4 32. Re3 a3 33. Rxe6 a2 34. Rxg6+ Kh7 35. Rh6+ 1-0


[Site "https://www.chess.com"]

[Event "Titled Tuesday Blitz November 2 2021"]
[White "Harshavardhan G B"]
[Black "Zhigalko, Sergei"]
[WhiteFideId "25059009"]
[BlackFideId "13502956"]
[WhiteElo "1825"]
[BlackElo "2662"]
[Result "0-1"]
[Round "03"]
[TimeControl "180+1"]
[Date "2021.11.02"]
[WhiteClock "0:00:11"]
[BlackClock "0:00:16"]

1. d4 Nf6 2. c4 e6 3. Nc3 Bb4 4. f3 d5 5. a3 Be7 6. e4 dxe4 7. fxe4 e5 8. d5 O-O 9. Nf3 Bg4 10. Be3 Nbd7 11. Be2 Bc5 12. Qd2 Bxf3 13. Bxf3 a5 14. O-O Ne8 15. b3 Qg5 16. Rfe1 Nd6 17. Qf2 Bxe3 18. Rxe3 Nc5 19. Bd1 b6 20. Rb1 f5 21. Bc2 fxe4 22. Qe2 Rf3 23. Rxf3 exf3 24. Qxf3 Qd2 25. Be4 Qd4+ 26. Kh1 Ncxe4 27. Nxe4 Qxe4 28. Rf1 Qxf3 0-1


[Site "https://www.chess.com"]

[Event "Titled Tuesday Blitz November 2 2021"]
[White "Holt, Conrad"]
[Black "Gubajdullin, Alexei"]
[WhiteFideId "2034387"]
[BlackFideId "4141202"]
[WhiteElo "2586"]
[BlackElo "2268"]
[Result "1-0"]
[Round "03"]
[TimeControl "180+1"]
[Date "2021.11.02"]
[WhiteClock "0:00:55"]
[BlackClock "0:00:51"]

1. d4 Nf6 2. c4 g6 3. Nc3 Bg7 4. e4 d6 5. Nf3 O-O 6. h3 Na6 7. Bg5 Qe8 8. Bd3 e5 9. O-O Nh5 10. Bc2 Nf4 11. Bxf4 exf4 12. Qd2 c5 13. Rad1 cxd4 14. Nxd4 Qe5 15. Nd5 Be6 16. Nf3 Qxb2 17. a4 Bxd5 18. cxd5 Rac8 19. Rc1 Nb4 20. Rb1 Qxc2 21. Qxb4 b6 22. Rbc1 Qxc1 23. Rxc1 Rxc1+ 24. Kh2 Rc5 25. Qd2 Re8 26. Qxf4 Be5 27. Nxe5 Rxe5 28. f3 Kg7 29. Qd2 Rc4 30. Qb2 f6 31. Qb5 Re7 32. Qxc4 1-0


[Site "https://www.chess.com"]

[Event "Titled Tuesday Blitz November 2 2021"]
[White "Jobava, Baadur"]
[Black "Gritsenko, Nikolai"]
[WhiteFideId "13601520"]
[BlackFideId "14112493"]
[WhiteElo "2731"]
[BlackElo "2389"]
[Result "1-0"]
[Round "03"]
[TimeControl "180+1"]
[Date "2021.11.02"]
[WhiteClock "0:00:22"]
[BlackClock "0:00:29"]

1. e4 e5 2. d4 exd4 3. Nf3 Nc6 4. Nxd4 d6 5. Nc3 Nf6 6. g3 g6 7. Bg2 Bd7 8. O-O Bg7 9. Nde2 O-O 10. h3 Re8 11. g4 h5 12. g5 Nh7 13. f4 a6 14. Kh2 b5 15. Nd5 Ne7 16. Ne3 Bc6 17. h4 f6 18. Nd4 Bd7 19. c3 c5 20. Nf3 Bc6 21. gxf6 Nxf6 22. Ng5 Bh6 23. Qc2 Qc8 24. Bd2 Qb7 25. e5 Bxg2 26. exf6 Bxg5 27. fxg5 Bxf1 28. fxe7 Kg7 29. Rxf1 Rxe7 30. Rf6 Re4 31. Qd3 d5 32. Nxd5 Rae8 33. Nf4 c4 34. Rxg6+ Kh7 35. Rh6+ Kg8 36. Qd5+ Qxd5 37. Nxd5 Re2+ 38. Kg3 Rxd2 39. Nf6+ Kf7 40. Rh7+ Kg6 41. Rh6+ Kf7 42. Nxe8 Kxe8 43. Rxh5 Rxb2 44. Rh7 Kf8 45. h5 Rc2 46. h6 Rxc3+ 47. Kg4 b4 48. Rc7 Rc1 49. Rc8+ Kf7 50. h7 1-0


[Site "https://www.chess.com"]

[Event "Titled Tuesday Blitz November 2 2021"]
[White "Kaasen, Tor Fredrik"]
[Black "Naroditsky, Daniel"]
[WhiteFideId "1516647"]
[BlackFideId "2026961"]
[WhiteElo "2349"]
[BlackElo "2608"]
[Result "0-1"]
[Round "03"]
[TimeControl "180+1"]
[Date "2021.11.02"]
[WhiteClock "0:00:07"]
[BlackClock "0:00:08"]

1. e4 e5 2. Nf3 Nc6 3. Bc4 Nf6 4. d3 h6 5. c3 g5 6. O-O Bg7 7. d4 d6 8. dxe5 dxe5 9. Qxd8+ Nxd8 10. Nxe5 Nxe4 11. Re1 Bf5 12. Nxf7 Nxf7 13. f3 Nd6 14. fxe4 Bg6 15. Bd5 c6 16. e5 Nf7 17. Bxf7+ Kxf7 18. Nd2 Ke6 19. Nf3 c5 20. Be3 b6 21. Nd2 Bd3 22. a4 Rhe8 23. a5 Kd5 24. Nb3 Bxe5 25. Rad1 Kc4 26. Nd2+ Kb5 27. Nf3 Bc4 28. Bxc5 Bxh2+ 29. Kxh2 bxc5 30. Rxe8 Rxe8 31. Rd6 Re6 32. Rd7 a6 33. b4 Be2 34. Rb7+ Kc4 35. Rb6 Re8 36. Rxh6 cxb4 37. cxb4 g4 38. Rxa6 gxf3 39. gxf3 Kxb4 40. Rb6+ Kxa5 41. Rb2 Bxf3 42. Kg3 Bd5 43. Kf4 Ka4 44. Kg5 Bb3 45. Kf4 Kb4 46. Rd2 Kc5 47. Rd3 Bc4 48. Rd7 Bd5 49. Ra7 Kd4 50. Ra4+ Bc4 51. Kf5 Rf8+ 52. Kg4 Kd3 53. Kg5 Bd5 54. Rb4 Ke3 55. Ra4 Be4 56. Ra3+ Kd4 57. Ra4+ Ke5 58. Ra5+ Bd5 59. Kg4 Rg8+ 60. Kh3 Ke4 61. Ra4+ Kf3 62. Ra3+ Kf2 63. Ra2+ Bxa2 0-1


[Site "https://www.chess.com"]

[Event "Titled Tuesday Blitz November 2 2021"]
[White "Kadam, Om Manish"]
[Black "Hansen, Eric"]
[WhiteFideId "45076294"]
[BlackFideId "2606771"]
[WhiteElo "1729"]
[BlackElo "2568"]
[Result "1-0"]
[Round "03"]
[TimeControl "180+1"]
[Date "2021.11.02"]
[WhiteClock "0:00:32"]
[BlackClock "0:00:16"]

1. e4 c5 2. Nf3 e6 3. d4 cxd4 4. Nxd4 a6 5. c4 Qc7 6. Nc3 Nf6 7. Be2 Bb4 8. Qd3 Nc6 9. Nxc6 dxc6 10. Bd2 e5 11. a3 Bc5 12. Qg3 O-O 13. Bh6 Ne8 14. O-O Be6 15. Rac1 a5 16. Nd5 Qd8 17. Rfd1 Bd4 18. Nc3 Qf6 19. Be3 c5 20. Bxd4 cxd4 21. Nd5 Bxd5 22. cxd5 Nd6 23. Bd3 Rac8 24. Qg4 g6 25. Qd7 Qd8 26. Qxd8 Rfxd8 27. Kf1 a4 28. Ke2 f5 29. f3 Kg7 30. Kd2 Kf6 31. h4 fxe4 32. fxe4 Ke7 33. Rxc8 Rxc8 34. Rc1 Rf8 35. Rc7+ Kd8 36. Rxh7 Rf2+ 37. Ke1 Rxg2 38. Rh8+ Ke7 39. Rh7+ Ke8 40. Rh8+ Kf7 41. Rh7+ Kf6 42. Rd7 Nf7 43. Rxb7 Rg4 44. Rb6+ Ke7 45. Re6+ Kf8 46. d6 Nd8 47. Rxe5 Rg3 48. d7 Rxd3 49. Re8+ Kf7 50. Rxd8 Ke7 51. Rg8 Kxd7 52. Rxg6 Re3+ 53. Kd2 Rxe4 54. h5 Rh4 55. h6 Rh3 56. Ra6 Rh2+ 57. Kd3 Rxb2 58. h7 Rh2 59. Ra8 1-0


[Site "https://www.chess.com"]